Map: Port Aleksander LE

Players

scarlett

  • Race: Zerg Zerg
  • League: Master
  • Spawn Location: 11:00

Neeb - Winner!

  • Race: Protoss Protoss
  • League: Master
  • Spawn Location: 5:00

Event: 2019 WCS Winter Americas

VOD

Have the link to the VOD?

Description

Time

  • Played on: March 24, 2019, 1:52 p.m.
  • Length: 10:15

All games in this series

Show
View Real Time Build Order
Export as new Build Order

scarlett Zerg 

Build Orders: Hatch First 

Get SALT Encoding   

  12  0:00  Drone  
  13  0:13  Overlord  
  13  0:18  Drone  
  14  0:31  Drone x2  
  16  0:47  Drone x2  
  18  0:56  Hatchery  
  17  0:59  Drone  
  17  1:01  Extractor  
  17  1:16  Spawning Pool  
  16  1:18  Drone  
  16  1:22  Drone  
  18  1:28  Drone  
  19  1:39  Drone  
  20  1:50  Overlord  
  20  2:03  Metabolic Boost, Queen  
  20  2:08  Queen, Zergling x2  
  23  2:14  Drone  
  26  2:17  Zergling x2  
  27  2:24  Zergling x2  
  28  2:30  Zergling x4  
  28  2:33  Zergling x2  
  31  2:42  Hatchery  
  30  2:46  Zergling x2  
  31  2:52  Drone x2  
  32  2:58  Drone  
  32  3:03  Drone  
  34  3:10  Drone  
  34  3:17  Drone  
  34  3:18  Drone x2  
  36  3:21  Drone  
  36  3:22  Overlord  
  36  3:31  Overlord  
  36  3:40  Queen  
  37  3:42  Drone x3  
  39  3:54  Drone  
  39  3:55  Drone x5  
  44  3:57  Queen  
  44  3:59  Drone  
  44  4:00  Drone  
  48  4:03  Spore Crawler  
  48  4:09  Drone x3  
  50  4:14  Spore Crawler  
  49  4:17  Spore Crawler  
  49  4:22  Drone  
  49  4:23  Drone x4  
  53  4:27  Drone  
  53  4:28  Drone  
  53  4:29  Drone  
  56  4:35  Evolution Chamber, Queen  
  57  4:39  Drone  
  57  4:40  Overlord  
  57  4:43  Overlord  
  58  4:47  Lair  
  58  4:49  Overlord  
  56  4:55  Drone x2  
  58  5:01  Zerg Melee Weapons Level 1  
  58  5:04  Drone x6  
  64  5:07  Overlord  
  64  5:08  Overlord  
  64  5:11  Zergling x4  
  66  5:14  Zergling x4  
  66  5:17  Queen  
  70  5:24  Zergling x8  
  70  5:28  Drone  
  75  5:33  Extractor, Zergling x2  
  75  5:34  Zergling x12  
  81  5:41  Zergling x8  
  85  5:44  Queen  
  87  5:50  Nydus Network, Zergling x2  
  87  5:51  Zergling x6  
  90  6:01  Overlord x3  
  90  6:04  Overseer  
  90  6:09  Overlord  
  89  6:12  Zergling x2  
  89  6:18  Queen  
  89  6:24  Zergling x18  
  94  6:26  Queen x2  
  94  6:31  Zergling x2  
  89  6:37  Zergling x14  
  89  6:46  Zergling x12  
  93  6:55  Nydus Canal  
  93  6:58  Zergling x6  
  95  7:03  Zergling x4  
  95  7:09  Zergling x2  
  95  7:12  Nydus Canal  
  95  7:13  Zergling x8  
  99  7:17  Zergling x2  
  99  7:18  Zergling x6  
  99  7:20  Queen x2  
  99  7:21  Zerg Melee Weapons Level 2  
  106  7:25  Nydus Canal  
  106  7:27  Zergling x2  
  106  7:28  Zergling x2  
  107  7:34  Zergling x10  
  109  7:46  Drone x4  
  109  7:51  Hydralisk Den  
  80  8:11  Drone x2  
  80  8:12  Drone x9  
  87  8:14  Extractor  
  87  8:15  Hatchery  
  87  8:16  Extractor  
  87  8:17  Extractor  
  87  8:22  Muscular Augments  
  87  8:24  Baneling Nest  
  87  8:25  Drone x4  
  90  8:34  Hatchery  
  85  8:35  Zergling x6  
  85  8:38  Extractor  
  87  8:48  Hydralisk x4  
  89  8:53  Drone x3  
  98  8:59  Drone x3  
  99  9:10  Drone x2  
  99  9:11  Hydralisk  
  99  9:12  Hydralisk x2  
  106  9:18  Hydralisk x4  
  114  9:24  Overlord x5  
  114  9:28  Hydralisk  
  114  9:29  Hydralisk  
  118  9:38  Baneling x6  
  115  9:48  Zergling x22  
Show
View Real Time Build Order
Export as new Build Order

Neeb Protoss - Winner!

Build Orders: 1 Gate Expand, Oracle Opening, Phoenix Opening, Mass Adepts, Zealot Archon 

Get SALT Encoding   

  12  0:00  Probe  
  13  0:12  Probe  
  14  0:19  Pylon  
  14  0:24  Probe  
  15  0:33  Probe  
  15  0:41  Probe, Gateway  
  17  0:51  Assimilator  
  17  0:54  Probe  
  18  1:06  Probe  
  19  1:18  Probe  
  20  1:28  Cybernetics Core  
  20  1:38  Nexus  
  20  1:41  Probe  
  20  1:47  Assimilator  
  21  1:53  Pylon  
  21  1:55  Adept  
  23  2:11  Probe  
  24  2:15  Adept  
  24  2:23  Probe  
  27  2:30  Stargate  
  27  2:35  Probe  
  28  2:40  Warp Gate, Adept  
  28  2:47  Probe  
  28  2:51  Probe  
  32  2:59  Probe  
  32  3:03  Probe  
  32  3:05  Adept  
  34  3:11  Phoenix, Probe  
  37  3:15  Probe  
  38  3:24  Probe  
  37  3:27  Gateway  
  38  3:36  Oracle  
  38  3:40  Shield Battery  
  40  3:46  Probe  
  40  3:47  Adept  
  41  3:54  Probe  
  42  3:56  Gateway  
  42  4:00  Twilight Council  
  42  4:03  Probe  
  42  4:06  Probe, Pylon  
  44  4:15  Probe x2, Resonating Glaives  
  45  4:17  Assimilator  
  45  4:19  Assimilator  
  45  4:20  Pylon  
  46  4:27  Probe  
  46  4:28  Probe  
  46  4:31  Adept x2  
  52  4:39  Probe x2  
  52  4:43  Pylon  
  54  4:51  Probe x2  
  56  4:55  Adept x2  
  56  4:56  Adept  
  62  5:13  Nexus  
  62  5:15  Pylon  
  62  5:21  Adept x2  
  62  5:24  Adept  
  62  5:26  Probe  
  69  5:37  Probe, Robotics Facility  
  69  5:39  Probe  
  71  5:45  Adept x3  
  71  5:49  Probe  
  78  5:52  Pylon  
  78  6:10  Probe x2  
  80  6:11  Forge  
  80  6:14  Pylon  
  80  6:15  Zealot x2  
  80  6:18  Immortal  
  84  6:19  Templar Archives  
  84  6:22  Probe  
  84  6:23  Probe  
  86  6:28  Probe  
  86  6:31  Charge  
  79  6:36  Zealot  
  79  6:37  Zealot  
  79  6:39  Zealot  
  85  6:45  Pylon  
  85  6:53  Immortal, Shield Battery x3  
  85  6:58  Stalker x2  
  86  7:19  Zealot  
  86  7:22  Probe x2  
  90  7:25  Zealot  
  92  7:32  Zealot  
  92  7:33  Probe  
  95  7:38  Gateway  
  95  7:40  Gateway  
  95  7:42  Gateway  
  95  7:43  High Templar  
  95  7:44  Immortal  
  97  7:49  High Templar  
  101  7:54  Archon  
  95  7:59  Adept  
  95  8:03  Probe x2  
  82  8:08  Protoss Ground Weapons Level 1  
  78  8:15  Warp Prism  
  78  8:17  Gateway  
  78  8:18  Gateway  
  78  8:26  High Templar  
  82  8:27  Sentry, High Templar  
  85  8:34  Pylon, Archon  
  85  8:35  Pylon  
  85  8:38  Pylon  
  85  8:41  Pylon  
  85  8:51  Observer  
  86  9:00  Zealot, High Templar x4  
  86  9:01  Zealot  
  98  9:02  Nexus  
  98  9:04  Pylon  
  98  9:05  Archon x2  
  98  9:22  High Templar  
  98  9:23  Zealot x2, High Templar  
  106  9:27  Pylon, Archon  
  106  9:32  Zealot x2  
  106  9:36  Zealot x2  
  114  9:53  Sentry x2  
  114  9:54  Zealot x2  
  114  9:57  Zealot x4  
Tags
 
Add a new tag
Caveats
  • Supply blocks, unpowered buildings, or Contaminate may cause inaccurate times.
  • Supply counts are checked every 10 seconds.